 Dungeon Crawl Stone Soup version 0.29-a0-271-gd4eb659eea (webtiles) character file.

Game seed: 2774986120640686212

35 Hubjo the Charlatan (level 3, 0/27 HPs)
             Began as a Demonspawn Wanderer on Mar 8, 2022.
             Was a Follower of Fedhas.
             Succumbed to an adder's poison
             ... on level 2 of the Dungeon.
             The game lasted 00:01:46 (1639 turns).

Hubjo the Charlatan (Demonspawn Wanderer)           Turns: 1639, Time: 00:01:47

Health: 0/27       AC:  2    Str: 12    XL:     3   Next: 17%
Magic:  5/5        EV: 11    Int: 17    God:    Fedhas [*.....]
Gold:   81         SH:  0    Dex: 12    Spells: 3/4 levels left

rFire   . . .      SeeInvis .   a - +2 dagger
rCold   . . .      Faith    .   (no shield)
rNeg    . . .      Spirit   .   e - +0 robe
rPois   .          Reflect  .   (helmet restricted)
rElec   .          Harm     .   (no cloak)
rCorr   .          Rampage  .   (no gloves)
Will    .....                   (no boots)
Stlth   +.........              (no amulet)
HPRegen 0.09/turn               (no ring)
MPRegen 0.09/turn               (no ring)

@: lethally poisoned (0 -> -2)
A: antennae 1, big brain 1
a: Renounce Religion


You were on level 2 of the Dungeon.
You worshipped Fedhas.
Fedhas was aware of your devotion.
You visited 1 branch of the dungeon, and saw 2 of its levels.

You collected 81 gold pieces.

Inventory:

Hand Weapons
 a - a +2 dagger (weapon)
Missiles
 b - 4 curare-tipped darts (quivered)
 h - 2 throwing nets
Armour
 e - a +0 robe (worn)
Jewellery
 i - a +6 ring of intelligence
 j - a ring of protection from fire
Wands
 c - a wand of polymorph (4)
Scrolls
 d - a scroll of blinking
 f - a scroll of teleportation {unknown}
 g - a scroll of identify {unknown}


   Skills:
 * Level 1.9 Fighting
 + Level 2.9 Throwing
 + Level 1.4 Spellcasting
 + Level 2.0 Ice Magic
 + Level 3.2 Evocations


You had 3 spell levels left.
You knew the following spells:

 Your Spells              Type           Power      Damage    Failure   Level
a - Freeze                Ice            32%        1d5       9%          1

Your spell library contained the following spells:

 Spells                   Type           Power      Damage    Failure   Level
 Frozen Ramparts          Ice            16%        1d3       26%         3
 Ignite Poison            Fire/Tmut/Pois 1%         N/A       52%         3
 Mephitic Cloud           Conj/Pois/Air  1%         N/A       52%         3
 Freezing Cloud           Conj/Ice/Air   1%         6-21      99%         5


Dungeon Overview and Level Annotations

Branches:
Dungeon (2/15)

Altars:
Fedhas


Innate Abilities, Weirdness & Mutations

You have a pair of small antennae on your head.
You have an unusually large brain. (Int +2)


Message History

The adder is severely wounded.
* * * LOW HITPOINT WARNING * * *
You feel sick. The adder bites you but does no damage.
You hit the adder but do no damage.
The adder is severely wounded.
* * * LOW HITPOINT WARNING * * *
You feel sick. The adder bites you but does no damage.
You hit the adder but do no damage.
The adder is severely wounded.
* * * LOW HITPOINT WARNING * * *
You feel sick. The adder barely misses you. The adder bites you.
* * * LOW HITPOINT WARNING * * *
You barely miss the adder.
The adder is severely wounded.
* * * LOW HITPOINT WARNING * * *
You feel sick. The adder bites you but does no damage.
It was a potion of curing.
You feel better. The adder bites you.
* * * LOW HITPOINT WARNING * * *
You are lethally poisoned!
The adder poisons you!
You hit the adder.
You kill the adder!
Fedhas appreciates your contribution to the ecosystem.
* * * LOW HITPOINT WARNING * * *
You feel sick.
You have reached level 3!
Your experience leads to an increase in your attributes!
Increase (S)trength, (I)ntelligence, or (D)exterity?
You feel agile. x2; Your demonic ancestry asserts itself...
A pair of antennae grows on your head!
* * * LOW HITPOINT WARNING * * *
You feel sick.
* * * LOW HITPOINT WARNING * * *
You feel sick.
* * * LOW HITPOINT WARNING * * *
You feel sick.
* * * LOW HITPOINT WARNING * * *
You feel sick.
You die...
Fedhas appreciates your contribution to the ecosystem.

#############
#.....†@....#
#.##.##.###.#
#.# #.# #.#
#.# #.# #.#
..# #.# ###
#.# #.# #.##


There were no monsters in sight!

Vanquished Creatures
  An adder (D:2)
  A dart slug (D:1)
  2 bats (D:1)
  2 endoplasms (D:1)
  3 giant cockroaches
  4 goblins (D:1)
  A hobgoblin (D:1)
  2 quokkas
  2 ball pythons (D:1)
  3 kobolds (D:1)
  A rat (D:1)
22 creatures vanquished.

Notes
Turn   | Place    | Note
-------+----------+-------------------------------------------
     0 | D:1      | Hubjo the Demonspawn Wanderer began the quest for the Orb.
     0 | D:1      | Hubjo set off with the following items: a +2 dagger, 4
                  | curare-tipped darts, a wand of polymorph (4), a scroll of
                  | blinking, a +0 robe; and the following spell memorised:
                  | Freeze; and the following spells available to memorise:
                  | Frozen Ramparts
     0 | D:1      | Reached XP level 1. HP: 15/15 MP: 2/2
   255 | D:1      | Gained mutation: You have an unusually large brain. (Int
                  | +2) [demonic ancestry]
   255 | D:1      | Reached XP level 2. HP: 5/21 MP: 3/3
  1083 | D:1      | Found a faded altar of an unknown god.
  1113 | D:1      | Prayed at the altar of an unknown god.
  1113 | D:1      | Became a worshipper of Fedhas Madash
  1113 | D:1      | Reached * piety under Fedhas
  1632 | D:2      | HP: 1/22 [poisoned by an adder]
  1635 | D:2      | Gained mutation: You have a pair of small antennae on your
                  | head. [demonic ancestry]
  1635 | D:2      | Reached XP level 3. HP: 4/27 MP: 5/5
  1637 | D:2      | HP: 1/27 [poisoned by an adder]
  1639 | D:2      | Succumbed to an adder's poison

Illustrated notes

Levels and vault maps discovered:
D:1:      lightli_arrival_noodles, layout_basic,
          ebering_ecumenical_altar_sacrificial
D:2:      layout_loops_cross, serial_shops, nicolae_shop_advertising_works
          [nicolae_subvault_shop_adworks]

Skill      XL: |  1  2 |
---------------+-------+-----
Ice Magic      | 2 |  2.0
Fighting       | |  1.9
Throwing       | |  2.9
Spellcasting   | |  1.4
Evocations     | |  3.2

Action                   || total
-------------------------++-------
Melee: Dagger            ||    92
  Use: Potion            ||     1
Armor: Robe              ||    20
Dodge: Dodged            ||    48

Table legend: (Time is in decaauts)
 A = Elapsed time spent in this place.
 B = Non-inter-level travel time spent in this place.
 C = Inter-level travel time spent in this place.
 D = Time resting spent in this place.
 E = Time spent auto-exploring this place.
 F = Levels seen in this place.
 G = Mean time per level.
                   A        B        C        D        E       F      G
               +--------+--------+--------+--------+--------+-----+--------+
         Total |   1638 |   1615 |     23 |      0 |   1404 |   2 |  819.0 |
       Dungeon |   1638 |   1615 |     23 |      0 |   1404 |   2 |  819.0 |
               +--------+--------+--------+--------+--------+-----+--------+

Top non-repeatable levels by time:
     D:1: 1551 daAuts
     D:2: 87 daAuts
